 Dungeon Crawl Stone Soup version 0.26-a0-52-gd53d4cd (webtiles) character file.

Game seed: 16572732045611083258

380 Faca the Skirmisher (level 6, 0/53 HPs)
             Began as a Barachi Fighter on June 6, 2020.
             Slain by Pikel
             ... wielding a +2 whip of electrocution
              (19 damage)
             ... on level 4 of the Dungeon.
             The game lasted 00:05:32 (3474 turns).

Faca the Skirmisher (Barachi Fighter)               Turns: 3474, Time: 00:05:33

Health: 0/53       AC: 14    Str: 20    XL:     6   Next: 75%
Magic:  6/6        EV:  5    Int:  8    God:
Gold:   185        SH: 10    Dex: 11    Spells: 5/5 levels left

rFire    . . .     SeeInvis .   a - +0 long sword
rCold    . . .     Gourm    .   c - +1 kite shield
rNeg     . . .     Faith    .   s - +0 chain mail
rPois    .         Spirit   .   (no helmet)
rElec    .         Reflect  .   j - +2 cloak
rCorr    .         Harm     .   k - +0 pair of gloves
MR       .....                  q - +0 pair of boots
Stlth    ..........             (no amulet)
HPRegen  0.17/turn              (no ring)
MPRegen  0.10/turn              (no ring)

@: slow
A: +LOS, swims, slowness 1, strong legs 1
a: Hop


You were on level 4 of the Dungeon.
You were not hungry.

You visited 1 branch of the dungeon, and saw 4 of its levels.

You collected 185 gold pieces.

Inventory:

Hand Weapons
 a - a +0 long sword (weapon)
 n - a +0 rapier
 r - a +1 dagger of venom
Missiles
 d - a throwing net
 e - 5 curare-tipped darts (quivered)
 i - 4 javelins
Armour
 c - a +1 kite shield (worn)
 j - a +2 cloak (worn)
 k - a +0 pair of gloves (worn)
 q - a +0 pair of boots (worn)
 s - a +0 chain mail (worn)
Scrolls
 g - a scroll of remove curse
 m - 2 scrolls of immolation
Potions
 b - a potion of flight {unknown}
 l - a potion of stabbing {unknown}
 o - a potion of invisibility {unknown}
 p - a potion of heal wounds {unknown}
Comestibles
 f - 9 rations


   Skills:
 + Level 6.7 Fighting
 + Level 6.1 Long Blades
 - Level 3.6 Armour
 - Level 3.2 Shields


You had 5 spell levels left.
You didn't know any spells.
Your spell library was empty.

Dungeon Overview and Level Annotations

Branches:
Dungeon (4/15)
 Temple: D:4-7

Altars:
Gozag
Okawaru
Ru
Sif Muna
Trog
Xom

Annotations:
D:4 Pikel


Innate Abilities, Weirdness & Mutations

You can be seen from farther away. (+LOS)
You can swim through water.
You cover ground slowly.
You can hop short distances.


Message History

You block Pikel's attack. Pikel hits you but does no damage.
You hit Pikel.
Pikel is heavily wounded.
Pikel says, "You'll fetch a fair price!"
You block Pikel's attack.
Your shield and chain mail prevent you from hitting Pikel.
Pikel is heavily wounded.
Pikel zaps a wand.
The puff of flame hits you!
* * * LOW HITPOINT WARNING * * *
Your chain mail prevents you from hitting Pikel.
Pikel is heavily wounded.
You block Pikel's attack.
You feel better. Pikel hits you but does no damage.
You are electrocuted!
* * * LOW HITPOINT WARNING * * *
Okay, then.
You feel better. You block Pikel's attack.
You slash Pikel!
Pikel is severely wounded.
Pikel hits you but does no damage.
You are electrocuted!!
You die...

#.# #.#.#.#.# #.#
###.#.#_# #.# ####### ##+#
#.# .#...# #.# ......#
##.# .!.....# ##..### #
.......p####.....#########
......ppK@)...............
......po####...#.#######.#
......o# ##.##.# #.#
#.....# ####.# #.# ##...#
#.# #.# ....# #.# #[# .#..
... #.. #. #.# ### # #.#


You could see Pikel, 4 slaves, an orc wizard and an orc.

Vanquished Creatures
  2 orc wizards (D:4)
  An orc priest (D:4)
  A centaur skeleton (D:2)
  Jessica (D:2)
  Natasha (D:4)
  7 gnolls
  5 adders
  A river rat (D:3)
  An adder skeleton (D:4)
  6 worms
  A dart slug (D:1)
  6 leopard geckos
  3 orcs (D:4)
  A ball python (D:3)
  A bat (D:2)
  5 giant cockroaches (D:3)
  7 goblins
  2 hobgoblins
  4 jackals (D:2)
  5 kobolds
  2 quokkas (D:2)
  7 frilled lizards
  9 rats
79 creatures vanquished.

Notes
Turn   | Place    | Note
-------+----------+-------------------------------------------
     0 | D:1      | Faca the Barachi Fighter began the quest for the Orb.
     0 | D:1      | Reached XP level 1. HP: 18/18 MP: 1/1
   256 | D:1      | Reached XP level 2. HP: 25/25 MP: 2/2
   684 | D:2      | Reached XP level 3. HP: 17/31 MP: 3/3
   891 | D:2      | Reached XP level 4. HP: 7/38 MP: 4/4
  1185 | D:2      | Reached skill level 5 in Fighting
  1332 | D:2      | Reached XP level 5. HP: 38/44 MP: 5/5
  1553 | D:2      | Noticed Jessica
  1558 | D:2      | Killed Jessica
  1947 | D:3      | Reached skill level 5 in Long Blades
  1956 | D:3      | Found an opulent altar of Gozag.
  2412 | D:3      | Found a sacrificial altar of Ru.
  2567 | D:3      | Reached XP level 6. HP: 52/52 MP: 6/6
  3312 | D:4      | Found a shimmering blue altar of Sif Muna.
  3365 | D:4      | Found an iron altar of Okawaru.
  3367 | D:4      | Found a shimmering altar of Xom.
  3371 | D:4      | Found a bloodstained altar of Trog.
  3437 | D:4      | Noticed Natasha
  3445 | D:4      | Killed Natasha
  3455 | D:4      | Noticed Pikel
  3458 | D:4      | Noticed a slave
  3458 | D:4      | Noticed a slave
  3459 | D:4      | Noticed a slave
  3459 | D:4      | Noticed a slave
  3474 | D:4      | Slain by Pikel

Illustrated notes

Levels and vault maps discovered:
D:1:      evilmike_arrival_crescent, layout_loops_ring
D:2:      layout_loops_ring, first_ration, uniq_jessica
D:3:      layout_basic, lemuel_round_altar, gup_sewer_entry_spiral,
          nicolae_gozag_seed_capital
D:4:      layout_loops_corners, minitemple, nicolae_overflow_crystal_walls,
          uniq_natasha, uniq_pikel

Skill      XL: |  1  2  3  4  5  6 |
---------------+-------------------+-----
Fighting       | 4 5 6 |  6.7
Long Blades    | 3 4 5 6 |  6.1
Armour         | |  3.6
Shields        | |  3.2

Action                   |  1- 3 |  4- 6 || total
-------------------------+-------+-------++-------
Melee: Long sword        |    51 |   249 ||   300
  Use: Scroll            |     3 |     3 ||     6
       Potion            |     1 |     3 ||     4
  Eat: Chunk             |       |    10 ||    10
Armor: Scale mail        |    23 |    58 ||    81
       Chain mail        |       |    32 ||    32
Dodge: Dodged            |    20 |    74 ||    94
Block: Kite shield       |    34 |   117 ||   151
       Rpst.: Long sword |     7 |    21 ||    28

Table legend:
 A = Non-vault XP
 B = Vault XP
 C = Vault XP percentage of total XP
 D = Non-vault monster count
 E = Vault monster count
 F = Vault count percentage of total count
                 A         B        C        D         E       F
            +---------+---------+-------+---------+---------+-------
      Total |     443 |     100 |  18.4 |      70 |       9 |  11.4
            +---------+---------+-------+---------+---------+-------
        D:1 |      15 |       0 |   0.0 |       7 |       0 |   0.0
        D:2 |     183 |      37 |  16.8 |      31 |       1 |   3.1
        D:3 |     108 |      27 |  20.0 |      24 |       7 |  22.6
        D:4 |     137 |      36 |  20.8 |       8 |       1 |  11.1
            +---------+---------+-------+---------+---------+-------
